 Dungeon Crawl Stone Soup version 0.31-a0-986-g5e6e4ef867 (webtiles) character file.

Game seed: 14189696281343396262

642 Whiskey the Changeling (level 7, -11/66 HPs)
             Began as a Troll Shapeshifter on Nov 6, 2023.
             Was an Initiate of Qazlal.
             Mangled by an iguana (12 damage)
             ... on level 5 of the Dungeon.
             The game lasted 00:04:28 (2301 turns).

Whiskey the Changeling (Troll Shapeshifter)         Turns: 2301, Time: 00:04:29

Health: -11/66     AC:  4    Str: 23    XL:     7   Next: 26%
Magic:  6/6        EV:  9    Int:  8    God:    Qazlal [......]
Gold:   200        SH:  0    Dex:  9    Spells: 6/6 levels left

rFire   + .          .
                       - Unarmed
rCold   . . .        (no shield)
rNeg    . . .        a - +0 animal skin
rPois   .            (helmet currently unavailable)
rElec   .            (cloak currently unavailable)
rCorr   .            (gloves unavailable)
SInv    .            (boots unavailable)
Will    .....        (no amulet)
Stlth   +            u - ring of protection from fire {rF+, !d}
HPRegen 1.11/turn    (no ring)
MPRegen 0.10/turn

%: no passive effects
@: lethally poisoned (-11 -> -20), beast-form
A: beast (slay +3), large, unfitting armour, claws 3, regeneration 1, shaggy fur
1, tough skin 1
a: Begin Untransformation, Renounce Religion


You were on level 5 of the Dungeon.
You worshipped Qazlal.
Qazlal was noncommittal.
You were a hulking beast.
You visited 2 branches of the dungeon, and saw 6 of its levels.

You collected 200 gold pieces.

Inventory:

Armour
 a - a +0 animal skin (worn)
 i - a +0 robe
   (You found it on level 2 of the Dungeon)
 k - a +0 animal skin
   (You took it off Robin on level 3 of the Dungeon)
 o - a +0 robe
   (You took it off Jessica on level 3 of the Dungeon)
 q - a +0 cloak
   (You took it off Crazy Yiuf on level 3 of the Dungeon)
Jewellery
 u - a ring of protection from fire (left claw) {rF+, !d}
   (You found it on level 4 of the Dungeon)
Talismans
 c - a beast talisman
 d - a flux talisman
 r - a serpent talisman
   (You found it on level 4 of the Dungeon)
Wands
 p - a wand of roots (14)
   (You found it on level 4 of the Dungeon)
 s - a wand of charming (10)
   (You took it off a kobold on level 4 of the Dungeon)
 t - a wand of mindburst (10)
   (You found it on level 4 of the Dungeon)
Scrolls
 e - 3 scrolls of identify {unknown}
 h - a scroll of poison {unknown}
 j - 3 scrolls of teleportation {unknown}
Potions
 b - 4 potions of lignification {!q}
 f - a potion of ambrosia {unknown}
 g - a potion of cancellation {unknown}
 l - a potion of enlightenment {unknown}
 m - 2 potions of haste {unknown}
 n - a potion of brilliance {unknown}


   Skills:
 - Level 2.8 Fighting
 - Level 1.6 Dodging
 - Level 4.5 Unarmed Combat
 * Level 6.4 Shapeshifting


You had 6 spell levels left.
You didn't know any spells.
Your spell library contained the following spells:

 Spells                   Type           Power      Damage    Failure   Level
 Freeze                   Ice            0%         1d3       41%         1
 Frozen Ramparts          Ice            0%         1d1       78%         3
 Hailstorm                Conj/Ice       0%         3d3       78%         3


Dungeon Overview and Level Annotations

Branches:
Dungeon (5/15)             Temple (1/1) D:4

Altars:
Ashenzari
Cheibriados
Dithmenos
Fedhas
Gozag
Kikubaaqudgha
Makhleb
Nemelex Xobeh
Okawaru
Qazlal
Ru
Sif Muna
Trog
Uskayaw
Vehumet
Wu Jian
Xom
Yredelemnul
Zin
The Shining One

Annotations:
D:5 Dowan, Duvessa


Innate Abilities, Weirdness & Mutations

You are a hulking beast.
Your limbs bulge with bestial killing power. (Slay +3)
You are too large for most types of armour.
You have claws for hands.
Your natural rate of healing is unusually fast.
You are covered in fur. (AC +1)
You have tough skin. (AC +1)


Message History

No target in view!
No target in view!
No target in view!
No target in view!
No target in view!
No target in view!
No target in view!
No target in view!
No target in view!
You open the door.
Found a sparkling altar of Nemelex Xobeh.
There is an open door here.
There is an open door here.
You open the door.
An endoplasm comes into view.
The endoplasm quivers.
An endoplasm is nearby!
The endoplasm freezes you.
You are frozen.
There is an open door here.
You take 3 damage, and have 63/66 hp.
You claw the endoplasm!
You kill the endoplasm!
Qazlal accepts your kill.
No target in view!
No target in view!
No target in view!
No target in view!
No target in view!
No target in view!
No target in view!
You open the door.
An orc comes into view. It is wielding a +0 club.
The orc shouts!
Health restored: 66 The orc hits you with a +0 club.
There is an open door here.
You take 2 damage, and have 64/66 hp.
You completely miss the orc. The orc hits you but does no damage.
You scratch the orc. The orc hits you but does no damage.
Health restored: 66 You claw the orc!
You kill the orc!
Qazlal accepts your kill.
No target in view!
No target in view!
No target in view!
No target in view!
No target in view!
No target in view!
There is a shaft here.
There is a shaft here.
Done exploring.
Done exploring.
You see here a +0 halberd.
There is a stone staircase leading down here.
You climb downwards.
Duvessa shouts!
The orc shouts! x2; The iguana hisses angrily.
The orc shouts!
Dowan shouts!
There is a stone staircase leading up here.
The water moccasin hisses angrily.
Dowan says, "My weaknesses are her strengths!"
You barely miss Duvessa. You scratch the water moccasin.
The water moccasin barely misses you. The orc hits you with a +0 hand axe.
Duvessa hits you with a +0 short sword.
The water moccasin bites you but does no damage.
You take 3 damage, and have 63/66 hp.
You claw the water moccasin! The orc hits you with a +0 hand axe.
The water moccasin closely misses you.
You take 2 damage, and have 61/66 hp.
You miss the water moccasin. The water moccasin bites you!
Duvessa hits you but does no damage. The orc barely misses you.
You take 7 damage, and have 54/66 hp.
You claw the water moccasin! The water moccasin bites you.
Duvessa hits you with a +0 short sword.
The iguana hisses menacingly.
The iguana bites you. The orc hits you with a +0 hand axe.
The water moccasin bites you.
You are poisoned.
The water moccasin poisons you!
You take 18 damage, and have 36/66 hp.
MASSIVE DAMAGE!!
You barely miss the water moccasin.
You feel very sick.
Dowan casts a spell.
Dowan blinks!
Duvessa hits you with a +0 short sword. The iguana bites you!
* * * LOW HITPOINT WARNING * * *
The orc hits you with a +0 hand axe.
* * * LOW HITPOINT WARNING * * *
The water moccasin closely misses you.
You take 21 damage, and have 15/66 hp.
MASSIVE DAMAGE!!
You feel very sick. The water moccasin bites you.
* * * LOW HITPOINT WARNING * * *
You are more poisoned.
The water moccasin poisons you! The orc hits you with a +0 hand axe.
* * * LOW HITPOINT WARNING * * *
Duvessa hits you with a +0 short sword.
* * * LOW HITPOINT WARNING * * *
The iguana bites you!
You die...

## #. ##.
#..### #ho#
#..lSeo...#
#...oo......
#............
#.........?e..
#...........^.
#..............
#..............


You could see Duvessa, a water moccasin, Dowan, an iguana and 4 orcs.

Vanquished Creatures
  Grinder (D:3)
  An ice beast (D:4)
  A phantom (D:3)
  Crazy Yiuf (D:3)
  Jessica (D:3)
  2 iguanas (D:4)
  Robin (D:3)
  4 gnolls (D:4)
  7 adders
  A worm (D:3)
  2 dart slugs (D:3)
  4 orcs
  5 ball pythons
  3 endoplasms
  2 giant cockroaches
  11 goblins
  4 hobgoblins (D:3)
  A quokka (D:4)
  3 bats (D:3)
  2 frilled lizards
  5 kobolds
  2 rats (D:3)
64 creatures vanquished.

Vanquished Creatures (others)
  A goblin (D:3)
1 creature vanquished.

Grand Total: 65 creatures vanquished

Notes
Turn   | Place    | Note
-------+----------+-------------------------------------------
     0 | D:1      | Whiskey the Troll Shapeshifter began the quest for the Orb.
     0 | D:1      | Reached XP level 1. HP: 18/18 MP: 0/0
    13 | D:1      | You fall into a shaft and drop 1 floor!
    94 | D:2      | Reached skill level 1 in Fighting
   146 | D:2      | Reached XP level 2. HP: 27/27 MP: 1/1
   333 | D:2      | Identified the +1 trident of Compassion {protect, Fragile
                  | rF+++ rC+ Int+2}
   375 | D:2      | Reached XP level 3. HP: 33/33 MP: 2/2
   773 | D:3      | Noticed Grinder
   786 | D:3      | Killed Grinder
   787 | D:3      | Reached skill level 2 in Fighting
   787 | D:3      | Reached skill level 4 in Unarmed Combat
   787 | D:3      | Reached skill level 4 in Shapeshifting
   787 | D:3      | Reached XP level 4. HP: 30/44 MP: 3/3
   787 | D:3      | Reached XP level 5. HP: 35/50 MP: 4/4
   913 | D:3      | Found a faded altar of an unknown god.
   928 | D:3      | Noticed a phantom
   930 | D:3      | Noticed Jessica
   932 | D:3      | Noticed Robin
   934 | D:3      | Found a bloodstained altar of Trog.
   936 | D:3      | Killed a phantom
   937 | D:3      | Reached skill level 5 in Shapeshifting
   937 | D:3      | Reached XP level 6. HP: 57/59 MP: 5/5
   948 | D:3      | Killed Jessica
   974 | D:3      | Killed Robin
  1082 | D:3      | Found a shadowy altar of Dithmenos.
  1130 | D:3      | Found a faded altar of an unknown god.
  1134 | D:3      | Found a sacrificial altar of Ru.
  1449 | D:3      | Found a runed translucent door.
  1450 | D:3      | Noticed Crazy Yiuf
  1582 | D:3      | Killed Crazy Yiuf
  1914 | D:4      | Noticed an ice beast
  1920 | D:4      | Killed an ice beast
  1921 | D:4      | Reached skill level 6 in Shapeshifting
  1921 | D:4      | Reached XP level 7. HP: 41/66 MP: 6/6
  2039 | D:4      | Found a staircase to the Ecumenical Temple.
  2050 | Temple   | Entered the Ecumenical Temple
  2070 | Temple   | Became a worshipper of Qazlal Stormbringer
  2215 | D:4      | Found a sparkling altar of Nemelex Xobeh.
  2290 | D:5      | Entered Level 5 of the Dungeon
  2290 | D:5      | Noticed Duvessa
  2290 | D:5      | Noticed Dowan
  2300 | D:5      | HP: 15/66 [orc/+0 hand axe (2)]
  2301 | D:5      | HP: 5/66 [orc/+0 hand axe (5)]
  2301 | D:5      | HP: 1/66 [Duvessa/+0 short sword (4)]
  2301 | D:5      | Mangled by an iguana

Illustrated notes

Levels and vault maps discovered:
D:1:      wander_arrival_desolate, layout_loops_ring,
          minmay_misc_feat_more_columns
D:2:      layout_basic, minivault_27
D:3:      layout_basic, nicolae_overflow_ecumenical_swirl,
          mainiacjoe_overflow_concentric_impassable,
          mainiacjoe_overflow_small_starburst,
          hellmonk_ecumenical_altar_lost_god, uniq_grinder,
          uniq_crazy_yiuf_cottage, uniq_jessica, uniq_robin
D:4:      layout_loops_cross, nemelex_dance_club_becter,
          minmay_temple_entry_mist
D:5:      layout_cave_pods, minmay_misc_feat_roman, uniq_pikel, uniq_duvessa,
          uniq_ijyb
Temple:   lightli_temple_of_artemis

Skill      XL: |  1  2  3  4  5  6 |
---------------+-------------------+-----
Fighting       | 1 2 |  2.8
Unarmed Combat | 4 |  4.5
Shapeshifting  | 4 5 6 |  6.4
Dodging        | |  1.6

Action                     |  1- 3 |  4- 6 |  7- 9 || total
---------------------------+-------+-------+-------++-------
  Melee: Unarmed           |    48 |   101 |    20 ||   169
         Punch             |     1 |     1 |       ||     2
   Stab: Sleeping          |       |       |     1 ||     1
 Armour: Animal skin       |    30 |    92 |    26 ||   148
  Dodge: Dodged            |    16 |    64 |     7 ||    87

Table legend: (Time is in decaauts)
 A = Elapsed time spent in this place.
 B = Non-inter-level travel time spent in this place.
 C = Inter-level travel time spent in this place.
 D = Time resting spent in this place.
 E = Time spent auto-exploring this place.
 F = Levels seen in this place.
 G = Mean time per level.
                   A        B        C        D        E       F      G
               +--------+--------+--------+--------+--------+-----+--------+
         Total |   2292 |   2230 |     62 |     30 |   1784 |   6 |  382.0 |
       Dungeon |   2251 |   2189 |     62 |     30 |   1784 |   5 |  450.2 |
        Temple |     40 |     40 |      0 |      0 |      0 |   1 |   40.0 |
               +--------+--------+--------+--------+--------+-----+--------+

Top non-repeatable levels by time:
     D:3: 872 daAuts
     D:2: 735 daAuts
     D:4: 621 daAuts
  Temple: 40 daAuts
     D:1: 12 daAuts
     D:5: 10 daAuts

Levels and vault maps discovered:
D:1:      wander_arrival_desolate, layout_loops_ring,
          minmay_misc_feat_more_columns
D:2:      layout_basic, minivault_27
D:3:      layout_basic, nicolae_overflow_ecumenical_swirl,
          mainiacjoe_overflow_concentric_impassable,
          mainiacjoe_overflow_small_starburst,
          hellmonk_ecumenical_altar_lost_god, uniq_grinder,
          uniq_crazy_yiuf_cottage, uniq_jessica, uniq_robin
D:4:      layout_loops_cross, nemelex_dance_club_becter,
          minmay_temple_entry_mist
D:5:      layout_cave_pods, minmay_misc_feat_roman, uniq_pikel, uniq_duvessa,
          uniq_ijyb
Temple:   lightli_temple_of_artemis

Table legend: (Time is in decaauts)
 A = Elapsed time spent in this place.
 B = Non-inter-level travel time spent in this place.
 C = Inter-level travel time spent in this place.
 D = Time resting spent in this place.
 E = Time spent auto-exploring this place.
 F = Levels seen in this place.
 G = Mean time per level.
                   A        B        C        D        E       F      G
               +--------+--------+--------+--------+--------+-----+--------+
         Total |   2292 |   2230 |     62 |     30 |   1784 |   6 |  382.0 |
       Dungeon |   2251 |   2189 |     62 |     30 |   1784 |   5 |  450.2 |
        Temple |     40 |     40 |      0 |      0 |      0 |   1 |   40.0 |
               +--------+--------+--------+--------+--------+-----+--------+

Top non-repeatable levels by time:
     D:3: 872 daAuts
     D:2: 735 daAuts
     D:4: 621 daAuts
  Temple: 40 daAuts
     D:1: 12 daAuts
     D:5: 10 daAuts

Table legend:
 A = Kills in this place as a percentage of kills in the entire game.
 B = Kills by you in this place as a percentage of kills by you in the entire game.
 C = Kills by friends in this place as a percentage of kills by friends in the entire game.
 D = Other kills in this place as a percentage of other kills in the entire game.
 E = Experience gained in this place as a percentage of experience gained in the entire game.
 F = Experience gained in this place divided by the number of levels of this place that you have seen.
                   A       B       C       D       E      F
               +-------+-------+-------+-------+-------+----------------------
         Total | 100.0 | 100.0 |   N/A |   N/A | 100.0 | 153.0
       Dungeon | 100.0 | 100.0 |   N/A |   N/A | 100.0 | 183.6
               +-------+-------+-------+-------+-------+----------------------
